 Dungeon Crawl Stone Soup version 0.20.1-1-g8b1a95d (webtiles) character file.

489 Internecine the Shield-Bearer (level 6, -14/53 HPs)
             Began as a Minotaur Fighter on Oct 2, 2017.
             Was a Follower of Okawaru.
             Demolished by an ogre
             ... wielding a +0 giant club
              (16 damage)
             ... on level 5 of the Dungeon.
             The game lasted 00:36:27 (4664 turns).

Internecine the Shield-Bearer (Minotaur Fighter)    Turns: 4664, Time: 00:36:27

Health: -14/53     AC:  9    Str: 21    XL:     6   Next: 90%
Magic:  0/5        EV:  6    Int:  5    God:    Okawaru [*.....]
Gold:   125        SH: 10    Dex: 11    Spells: 5/5 levels left

rFire    + . .     SeeInvis .   V - +1 flail (drain)
rCold    x . .     Gourm    .   c - +0 shield
rNeg     . . .     Faith    .   O - +0 chain mail
rPois    .         Spirit   +   (helmet restricted)
rElec    .         Reflect  .   (no cloak)
rCorr    .         Harm     .   (no gloves)
MR       .....                  (no boots)
Stlth    ..........             J - amulet of guardian spirit
Regen    0.2/turn               (no ring)
MPRegen  0.1/turn               H - ring of fire

@: drained
A: retaliatory headbutt, horns 2
a: Heroism, Renounce Religion


You were on level 5 of the Dungeon.
You worshipped Okawaru.
Okawaru was aware of your devotion.
You were not hungry.

You visited 1 branch of the dungeon, and saw 5 of its levels.

You collected 257 gold pieces.
You spent 132 gold pieces at shops.

Inventory:

Hand Weapons
 a - a +0 long sword
 b - a cursed -1 morningstar
 y - a +1 short sword of protection
 V - a +1 flail of draining (weapon)
Missiles
 e - 212 stones (quivered)
 h - 35 bolts
 o - 6 tomahawks
 p - 39 arrows
 A - 45 sling bullets
Armour
 c - a +0 shield (worn)
 O - a +0 chain mail (worn)
Jewellery
 H - a ring of fire (right hand)
 J - an amulet of guardian spirit (around neck)
Wands
 l - a wand of flame (19/48)
 r - a wand of digging (18/24)
Scrolls
 j - a scroll of recharging {unknown}
 k - a scroll of teleportation {unknown}
 t - a scroll of immolation {unknown}
 w - 2 scrolls of remove curse
 E - a scroll of magic mapping {unknown}
 I - a scroll of fear {unknown}
 K - 2 scrolls of blinking {unknown}
Potions
 d - a potion of might
 i - a potion of flight {unknown}
 m - a potion of haste {unknown}
 n - 3 potions of curing
 s - 2 potions of brilliance {unknown}
 F - 2 potions of resistance
 N - a potion of invisibility {unknown}
 P - a potion of lignification {unknown}
 Q - 2 potions of agility {unknown}
 U - a potion of degeneration {unknown}
Comestibles
 f - 6 bread rations
 L - 2 meat rations


   Skills:
 + Level 4.7(4.1) Fighting
 + Level 5.7(5.0) Long Blades
 + Level 1.3(0.6) Throwing
 + Level 5.0(4.3) Armour
 + Level 1.2(0.6) Dodging
 + Level 5.7(5.0) Shields


You had 5 spell levels left.
You didn't know any spells.

Dungeon Overview and Level Annotations

Branches:
Dungeon (5/15)
 Temple: D:4-7

Altars:
Ashenzari
Dithmenos
Elyvilon
Gozag
Makhleb
Okawaru

Shops:
D:5 }

Annotations:
D:4 1 runed door


Innate Abilities, Weirdness & Mutations

You reflexively headbutt those who attack you in melee.
You have a pair of horns on your head.


Message History

The ogre is lightly wounded.
The ogre hits you with a giant club!! You block the ogre's attack.
Your shield and chain mail prevent you from hitting the ogre.
You headbutt the ogre.
The ogre is lightly wounded.
The ogre closely misses you. You furiously retaliate!
You headbutt the ogre! You barely miss the ogre.
The ogre is severely wounded.
The ogre hits you with a giant club!
Your chain mail prevents you from hitting the ogre.
The ogre is severely wounded.
The ogre hits you with a giant club!!
* * * LOW HITPOINT WARNING * * *
Aiming: Throw Flame
Press: ? - help, Shift-Dir - straight line, f - ogre
Aim: an ogre, wielding a giant club (severely wounded)
The puff of flame hits the ogre.
The ogre is almost dead.
This wand has 19 charges left.
The ogre hits you with a giant club!
You die...

..# #.# #.# ..#
#.# #.#
#O########
#@...∩...#
########.# #.#
#.#
#############.#
#.............#
#.#############
#.# #<#


You could see an ogre.

Vanquished Creatures
  A scorpion (D:4)
  A hound (D:5)
  2 iguanas (D:4)
  3 worker ants (D:4)
  3 orc wizards
  A hound skeleton (D:4)
  8 adders
  An adder skeleton (D:4)
  3 worms (D:2)
  2 dart slugs
  4 leopard geckos
  15 orcs
  6 giant cockroaches
  8 goblins
  8 hobgoblins
  7 jackals
  5 quokkas
  A ball python (D:2)
  7 bats (D:1)
  5 frilled lizards
  4 kobolds
  10 rats
105 creatures vanquished.

Notes
Turn   | Place    | Note
-------+----------+-------------------------------------------
     0 | D:1      | Internecine the Minotaur Fighter began the quest for the Orb.
     0 | D:1      | Reached XP level 1. HP: 19/19 MP: 0/0
   206 | D:1      | Reached XP level 2. HP: 27/27 MP: 1/1
  1018 | D:1      | Reached XP level 3. HP: 33/33 MP: 2/2
  1805 | D:2      | Found an opulent altar of Gozag.
  1829 | D:2      | Found a shadowy altar of Dithmenos.
  1973 | D:2      | Found a faded altar of an unknown god.
  2062 | D:2      | Reached XP level 4. HP: 40/40 MP: 3/3
  2063 | D:2      | Found a burning altar of Makhleb.
  2343 | D:2      | Reached skill level 1 in Throwing
  2631 | D:3      | Found an iron altar of Okawaru.
  2643 | D:3      | Became a worshipper of Warmaster Okawaru
  3035 | D:3      | Found a shattered altar of Ashenzari.
  3062 | D:3      | Reached XP level 5. HP: 46/46 MP: 4/4
  3567 | D:4      | Reached skill level 1 in Dodging
  3627 | D:4      | Reached skill level 5 in Shields
  3663 | D:4      | Found a white marble altar of Elyvilon.
  3673 | D:4      | Reached XP level 6. HP: 40/53 MP: 5/5
  3704 | D:4      | Reached skill level 5 in Armour
  3998 | D:4      | Reached * piety under Okawaru
  3998 | D:4      | Reached skill level 5 in Long Blades
  4134 | D:4      | Found a runed door.
  4134 | D:4      | Noticed an angel
  4619 | D:5      | Entered Level 5 of the Dungeon
  4641 | D:5      | Found Gucsop's Gadget Emporium.
  4648 | D:5      | Bought a wand of flame (20/48) for 132 gold pieces
  4663 | D:5      | HP: 2/53 [ogre/giant club (20)]
  4664 | D:5      | Demolished by an ogre

Skill      XL: |  1  2  3  4  5  6 |
---------------+-------------------+-----
Armour         | 4 5 |  5.0
Shields        | 4 5 |  5.7
Fighting       | 4 |  4.7
Long Blades    | 3 4 5 |  5.7
Throwing       | 1 |  1.3
Dodging        | 1 |  1.2

Action                   |  1- 3 |  4- 6 || total
-------------------------+-------+-------++-------
Melee: Long sword        |    91 |   190 ||   281
       Headbutt          |    12 |    35 ||    47
       Flail             |       |    13 ||    13
Throw: Stone             |    17 |    24 ||    41
Evoke: Wand              |       |     1 ||     1
  Use: Scroll            |       |     5 ||     5
  Eat: Chunk             |     3 |     9 ||    12
Armor: Scale mail        |    51 |    84 ||   135
       Chain mail        |       |     3 ||     3
Dodge: Dodged            |    30 |    52 ||    82
Block: Shield            |    47 |   138 ||   185
       Rpst.: Long sword |     8 |    15 ||    23
